 Dungeon Crawl Stone Soup version 0.24-a0-170-gd8427f5388 (webtiles) character file.

Game seed: 12993886301743510506

10007 MrRokkomies the Basher (level 11, -5/105 HPs)
             Began as an Ogre Skald on Mar 8, 2019.
             Was a Priest of Dithmenos.
             Killed from afar by an electric eel (9 damage)
             ... with a bolt of electricity
             ... on level 11 of the Dungeon.
             The game lasted 00:58:41 (13164 turns).

MrRokkomies the Basher (Ogre Skald)                Turns: 13164, Time: 00:58:41

Health: -5/105     AC:  5    Str: 15    XL:     11   Next: 55%
Magic:  10/14      EV: 14    Int: 23    God:    Dithmenos [***...]
Gold:   520        SH:  0    Dex: 12    Spells: 3/14 levels left

rFire    . . .     SeeInvis +   a - +6 giant spiked club
rCold    . . .     Gourm    +   (shield currently unavailable)
rNeg     . . .     Faith    .   M - +2 robe {Archmagi}
rPois    .         Spirit   .   (helmet restricted)
rElec    .         Reflect  .   (no cloak)
rCorr    .         Harm     .   (gloves unavailable)
MR       ++++.                  (boots unavailable)
Stlth    ++........             w - amulet of the gourmand
HPRegen  1.27/turn              f - ring of protection from magic
MPRegen  0.14/turn              x - ring "Peeny" {+Blink MR++ Str-2 Int+6 Dex+4 SInv}

@: very slightly contaminated, regenerating, wreathed by umbra
A: large, unfitting armour, tough skin 1
a: Shadow Step, Renounce Religion, Evoke Blink


You were on level 11 of the Dungeon.
You worshipped Dithmenos.
Dithmenos was most pleased with you.
You were completely stuffed.

You visited 2 branches of the dungeon, and saw 12 of its levels.

You collected 520 gold pieces.

Inventory:

Hand Weapons
 a - a +6 giant spiked club (weapon)
 h - a +0 mace
 j - a +1 whip of freezing
 k - a +0 whip of flaming
 K - the +10 zealot's sword {holy, *Rage rN+ EV+3}
   (You found it on level 10 of the Dungeon)

   It has been blessed by the Shining One to cause great damage to the undead
   and demons.
   It affects your evasion (+3).
   It protects you from negative energy.
   It may make you go berserk in combat.
Missiles
 e - 33 poisoned needles
 g - 230 stones
 o - 8 silver tomahawks
 r - a tomahawk (quivered)
 s - 8 large rocks
Armour
 m - a +2 robe of resistance
 M - a +2 robe of the Archmagi (worn)
Jewellery
 b - an uncursed ring of protection from cold
 f - a ring of protection from magic (left hand)
 i - an uncursed ring of protection from fire
 q - a +4 ring of strength
 w - an amulet of the gourmand (around neck)
 x - the ring "Peeny" (right hand) {+Blink MR++ Str-2 Int+6 Dex+4 SInv}
   (You found it on level 5 of the Dungeon)

   [ring of intelligence]

   It affects your strength (-2).
   It affects your intelligence (+6).
   It affects your dexterity (+4).
   It affects your resistance to hostile enchantments.
   It lets you see invisible.
   It lets you blink.
 C - an uncursed ring of see invisible
 H - an uncursed ring of protection from magic
 L - an uncursed ring of magical power
Wands
 u - a wand of polymorph (1)
 A - a wand of paralysis (4)
 D - a wand of flame (18)
 J - a wand of digging (2)
 O - a wand of disintegration (16)
Scrolls
 n - a scroll of enchant armour
 y - a scroll of amnesia
 E - 4 scrolls of teleportation
 F - 3 scrolls of identify
 N - a scroll of magic mapping
Potions
 c - 2 potions of lignification
 l - a potion of curing
 t - 3 potions of brilliance
 v - a potion of cancellation
 z - a potion of agility {unknown}
 B - 4 potions of resistance
 G - 3 potions of ambrosia
 I - 2 potions of might
Comestibles
 d - 23 rations
 P - a chunk of flesh


   Skills:
 - Level 6.1 Fighting
 * Level 11.4 Maces & Flails
 * Level 7.7 Throwing
 - Level 8.3 Dodging
 - Level 2.4 Spellcasting
 - Level 3.0 Charms
 - Level 2.0 Necromancy


You had 3 spell levels left.
You knew the following spells:

 Your Spells              Type           Power        Failure   Level  Hunger
a - Infusion              Chrm           ####         3%          1    None
b - Shroud of Golubria    Chrm/Tloc      ##........   10%         2    ##.....
c - Regeneration          Chrm/Necr      ###.......   13%         3    ###....
d - Spectral Weapon       Hex/Chrm       ##......     21%         3    ###....
e - Song of Slaying       Chrm           ####....     5%          2    ##.....

Your spell library contained the following spells:

 Spells                   Type           Power        Failure   Level  Hunger
 Apportation              Tloc           #.....       12%         1    None
 Sandblast                Erth           #.....       12%         1    None
 Summon Butterflies       Summ           #.......     12%         1    None
 Passwall                 Tmut/Erth      #.......     19%         2    ##.....
 Lesser Beckoning         Tloc           #.........   36%         3    ###....
 Stone Arrow              Conj/Erth      #.....       36%         3    ###....
 Tukima's Dance           Hex            #.......     36%         3    ###....
 Petrify                  Tmut/Erth      #.......     77%         4    ####...
 Alistair's Intoxication  Tmut/Pois      #.......     98%         5    ######.
 Lee's Rapid Deconstruct  Erth           #.........   98%         5    ######.
 Invisibility             Hex            #.......     100%        6    #######


Dungeon Overview and Level Annotations

Branches:
Dungeon (11/15)            Temple (1/1) D:6             Orc (0/2) D:10
   Lair: D:8-11

Altars:
Ashenzari
Dithmenos
Elyvilon
Fedhas
Gozag
Hepliaklqana
Kikubaaqudgha
Makhleb
Nemelex Xobeh
Okawaru
Qazlal
Sif Muna
Trog
Uskayaw
Vehumet
Xom
Yredelemnul
Zin
The Shining One

Shops:
D:10 *

Annotations:
D:3 1 runed translucent door, Crazy Yiuf


Innate Abilities, Weirdness & Mutations

You are too large for most types of armour.
You have tough skin. (AC +1)


Message History

You puncture the wyvern skeleton!
The wyvern skeleton is moderately damaged.
The wyvern skeleton misses you.
An ice beast comes into view.
The wyvern skeleton bites you!
* * * LOW HITPOINT WARNING * * *
Your shroud falls apart!
As you read the scroll of teleportation, it crumbles to dust.
You feel strangely unstable. The wyvern skeleton misses you.
The jackal bites you.
* * * LOW HITPOINT WARNING * * *
The electric eel shoots out a bolt of lightning at you!
The bolt of electricity hits you!
* * * LOW HITPOINT WARNING * * *
The wyvern skeleton barely misses you.
Your surroundings suddenly seem different.
An electric eel comes into view.
The electric eel shoots out a bolt of lightning at you!
The bolt of electricity hits you!
You die...

....$.....#
..........##
..≈........#
≈≈≈≈.......#
≈≈>≈≈......#
≈..%≈≈.....#
≈(?..≈≈....#
≈≈l≈≈≈.@...#
.≈.≈≈.......#
.;;.........#
..........#.#
..........# #
.........##
.[.......#
..###.....


You could see a basilisk (sleeping) and 2 electric eels.

Vanquished Creatures
  A two-headed ogre (D:9)
  Nergalle (D:10)
  Pikel (D:4)
  An ugly thing (D:10)
  Joseph (D:8)
  An efreet (D:9)
  A troll (D:10)
  A hippogriff (D:10)
  4 yaks (D:9)
  A wyvern (D:8)
  4 wargs (D:10)
  Duvessa (D:6)
  An orc warrior (D:10)
  2 water moccasins
  4 ice beasts
  A slave (D:4)
  4 black bears
  3 phantoms
  5 ogres
  2 wolves
  A crocodile (D:8)
  3 centaurs
  A big kobold (D:9)
  Blork the orc (D:4)
  9 bullfrogs
  7 scorpions
  A water moccasin zombie (D:9)
  6 killer bees
  A water moccasin skeleton (D:5)
  2 electric eels
  13 wights
  9 crimson imps
  5 hounds
  2 orc priests
  A gnoll shaman (D:8)
  A bullfrog skeleton (D:8)
  Natasha (D:4)
  8 orc wizards
  15 worker ants
  2 hound skeletons
  2 howler monkey skeletons
  8 gnolls
  4 adders
  3 shadow imps
  An adder zombie (D:6)
  4 adder skeletons
  3 worms (D:3)
  2 dart slugs
  5 leopard geckos
  39 orcs
  6 giant cockroaches
  14 goblins
  7 hobgoblins
  9 jackals
  7 quokkas
  A ball python (D:2)
  10 bats
  5 frilled lizards
  A jackal skeleton (D:4)
  14 kobolds
  2 leopard gecko skeletons
  13 rats
289 creatures vanquished.

Vanquished Creatures (others)
  A wizard (D:3)
  2 slaves (D:4)
  A worker ant (D:4)
  An adder (D:4)
  A jackal (D:4)
  2 spectral weapons (D:10)
8 creatures vanquished.

Grand Total: 297 creatures vanquished

Notes
Turn   | Place    | Note
-------+----------+-------------------------------------------
     0 | D:1      | MrRokkomies the Ogre Skald began the quest for the Orb.
     0 | D:1      | Reached XP level 1. HP: 22/22 MP: 3/3
   123 | D:1      | Reached skill level 2 in Maces & Flails
   364 | D:1      | Reached XP level 2. HP: 28/31 MP: 5/5
   368 | D:1      | Learned a level 2 spell: Shroud of Golubria
   568 | D:1      | Reached XP level 3. HP: 3/37 MP: 1/6
  1209 | D:2      | Learned a level 3 spell: Regeneration
  1337 | D:2      | Noticed an ogre
  1405 | D:2      | Reached XP level 4. HP: 45/48 MP: 0/7
  1971 | D:3      | Reached skill level 3 in Maces & Flails
  2272 | D:3      | Found a bloodstained altar of Trog.
  2275 | D:3      | Noticed a wizard
  2281 | D:3      | Killed a wizard
  2781 | D:3      | Reached skill level 1 in Necromancy
  2781 | D:3      | Reached XP level 5. HP: 26/55 MP: 8/8
  3446 | D:3      | Reached skill level 5 in Fighting
  3675 | D:2      | Found a shimmering altar of Xom.
  3873 | D:2      | Killed an ogre
  3873 | D:2      | Reached XP level 6. HP: 66/66 MP: 9/9
  3896 | D:2      | Learned a level 3 spell: Spectral Weapon
  4144 | D:3      | Found a runed translucent door.
  4145 | D:3      | Noticed Crazy Yiuf
  4271 | D:4      | Noticed a phantom
  4457 | D:3      | Killed a phantom
  4457 | D:3      | Reached skill level 4 in Maces & Flails
  4563 | D:4      | Noticed a slave
  4581 | D:4      | Killed a slave
  4712 | D:4      | Noticed Natasha
  4725 | D:4      | Noticed Pikel
  4726 | D:4      | Noticed a slave
  4729 | D:4      | Killed Natasha
  4735 | D:4      | Noticed a slave
  4743 | D:4      | Killed Pikel
  4743 | D:4      | Reached skill level 5 in Maces & Flails
  4743 | D:4      | Reached XP level 7. HP: 6/75 MP: 5/10
  4743 | D:4      | Reached XP level 8. HP: 7/83 MP: 5/11
  5225 | D:4      | Noticed Blork the orc
  5234 | D:4      | Killed Blork the orc
  5548 | D:5      | Entered Level 5 of the Dungeon
  5641 | D:5      | Reached skill level 6 in Maces & Flails
  5833 | D:5      | Got a heavily runed glass ring
  5843 | D:5      | Identified the ring "Peeny" {+Blink MR++ Str-2 Int+6 Dex+4
                  | SInv} (You found it on level 5 of the Dungeon)
  6521 | D:6      | Reached skill level 5 in Throwing
  6658 | D:6      | Noticed Duvessa
  6675 | D:6      | Noticed Dowan
  7198 | D:6      | Reached skill level 7 in Maces & Flails
  7216 | D:6      | Killed Duvessa
  7216 | D:6      | Reached XP level 9. HP: 82/89 MP: 4/12
  7222 | D:6      | Noticed Dowan
  7222 | D:6      | Dowan changed into Dowan the scorpion
  7236 | D:6      | Killed Dowan the scorpion
  7753 | D:6      | Found a staircase to the Ecumenical Temple.
  7763 | Temple   | Entered the Ecumenical Temple
  7872 | Temple   | Became a worshipper of Dithmenos the Shadowed
  8136 | D:7      | Found an opulent altar of Gozag.
  8331 | D:7      | Reached skill level 5 in Dodging
  8350 | D:7      | Reached skill level 8 in Maces & Flails
  8794 | D:7      | Reached * piety under Dithmenos
  8815 | D:7      | Found an iron altar of Okawaru.
  9875 | D:8      | Found a basalt altar of Yredelemnul.
 10255 | D:8      | Reached skill level 9 in Maces & Flails
 10255 | D:8      | Reached XP level 10. HP: 98/98 MP: 13/13
 10269 | D:8      | Learned a level 2 spell: Song of Slaying
 10316 | D:8      | Noticed Joseph
 10343 | D:8      | Killed Joseph
 10369 | D:8      | Reached ** piety under Dithmenos
 10823 | D:8      | Found a shattered altar of Ashenzari.
 11187 | D:9      | Noticed a two-headed ogre
 11207 | D:9      | Killed a two-headed ogre
 11207 | D:9      | Reached skill level 10 in Maces & Flails
 11387 | D:9      | Reached XP level 11. HP: 24/105 MP: 14/14
 11525 | D:9      | Reached *** piety under Dithmenos
 11954 | D:10     | Entered Level 10 of the Dungeon
 12128 | D:10     | Found the +10 zealot's sword {holy, *Rage rN+ EV+3}
 12231 | D:10     | Reached skill level 11 in Maces & Flails
 12382 | D:10     | Found Puluzxoe's General Store.
 12412 | D:10     | Found a staircase to the Orcish Mines.
 12626 | D:10     | Noticed Nergalle
 12633 | D:10     | Noticed a spectral orc warlord
 12636 | D:10     | Killed Nergalle
 12650 | D:10     | Noticed a white ugly thing
 12656 | D:10     | Killed a white ugly thing
 13155 | D:11     | HP: 5/105 [electric eel/bolt of electricity (15)]
 13163 | D:11     | HP: 3/105 [electric eel/bolt of electricity (9)]
 13164 | D:11     | Killed from afar by an electric eel

Levels and vault maps discovered:
D:1:      roderic_chinese_lattice_arrival, layout_loops_ring,
          minmay_parallelograms
D:2:      layout_loops_ring, lemuel_doored_altar, minmay_misc_feat_x
D:3:      layout_basic, first_ration, minmay_misc_feat_alley, trog_wizard,
          uniq_crazy_yiuf_cottage
D:4:      layout_basic, uniq_pikel, uniq_natasha, uniq_blork_the_orc
D:5:      layout_gridville
D:6:      layout_basic, temple_hall, uniq_duvessa
D:7:      layout_loops_ring, okawaru_altar_gauntlet_db, basic_altar,
          kennysheep_another_room
D:8:      layout_rooms, kennysheep_mini, old_standard_altar,
          minmay_misc_feat_enclosed, minmay_tree_intersection, uniq_joseph
D:9:      layout_basic, blue_anna_alchemist [blue_anna_fruit_fields,
          blue_anna_fruit_fields], grunt_ministairs_12
D:10:     layout_loops_cross, minmay_orc_entry_guard_dogs, serial_shops, shop,
          uniq_nergalle
D:11:     layout_layer_cave, erik_lair_island, disabler_island
Temple:   dpeg_five_rooms_temple

Skill      XL: |  1  2  3  4  5  6  7  8  9 10 11 |
---------------+----------------------------------+-----
Fighting       | 3 4 5 6 |  6.1
Maces & Flails | 2 3 5 7 9 10 11 | 11.4
Charms         | 3 |  3.0
Necromancy     | 1 2 |  2.0
Throwing       | 3 5 7 |  7.7
Dodging        | 3 6 8 |  8.3
Spellcasting   | |  2.4

Action                   |  1- 3 |  4- 6 |  7- 9 | 10-12 || total
-------------------------+-------+-------+-------+-------++-------
Melee: Mace              |   129 |    76 |       |       ||   205
       Whip              |       |   181 |   251 |       ||   432
       Giant spiked club |       |       |   177 |   241 ||   418
Throw: Stone             |       |    11 |    14 |       ||    25
       Large rock        |       |     5 |    13 |     8 ||    26
       Tomahawk          |       |     6 |    39 |    28 ||    73
 Cast: Infusion          |     4 |     6 |     7 |       ||    17
       Shroud of Golubri |     5 |     7 |    11 |     4 ||    27
       Regeneration      |       |     3 |     7 |    13 ||    23
       Spectral Weapon   |       |       |       |     6 ||     6
Evoke: Wand              |       |     4 |     3 |     5 ||    12
  Use: Scroll            |     2 |     6 |    15 |     9 ||    32
       Potion            |       |     1 |       |     5 ||     6
 Stab: Sleeping          |       |       |     1 |     1 ||     2
  Eat: Chunk             |     2 |    12 |    21 |    20 ||    55
       Ration            |       |       |     1 |       ||     1
Armor: Robe              |    43 |   101 |    97 |    46 ||   287
Dodge: Dodged            |    94 |   160 |   267 |   208 ||   729

Table legend:
 A = Non-vault XP
 B = Vault XP
 C = Vault XP percentage of total XP
 D = Non-vault monster count
 E = Vault monster count
 F = Vault count percentage of total count
                 A         B        C        D         E       F
            +---------+---------+-------+---------+---------+-------
      Total |   10546 |    3751 |  26.2 |     263 |      25 |   8.7
            +---------+---------+-------+---------+---------+-------
        D:1 |      57 |       0 |   0.0 |      28 |       0 |   0.0
        D:2 |     193 |       0 |   0.0 |      31 |       0 |   0.0
        D:3 |     284 |       0 |   0.0 |      27 |       0 |   0.0
        D:4 |      46 |     788 |  94.5 |      15 |       3 |  16.7
        D:5 |     361 |       0 |   0.0 |      15 |       0 |   0.0
        D:6 |    1023 |     219 |  17.6 |      19 |       2 |   9.5
        D:7 |    1055 |      11 |   1.0 |      31 |       6 |  16.2
        D:8 |    1832 |     475 |  20.6 |      40 |       1 |   2.4
        D:9 |    3902 |     131 |   3.2 |      32 |       2 |   5.9
       D:10 |    1626 |    1965 |  54.7 |      21 |       9 |  30.0
       D:11 |     167 |     162 |  49.2 |       4 |       2 |  33.3
            +---------+---------+-------+---------+---------+-------
